AoeStats
← Jason

Hideout

509328023Analyzed
1v1 RM · 5d ago on Sep 26, 2026· 52m 46s· 2 players
Game mode
Random Map
Map size
Tiny (2 player)
Population
200
Speed
Normal
Resources
Standard
Victory
Conquest
Starting age
Dark Age
Ending age
Imperial Age
RankedLock teamsTeams togetherTeam positionsShared explorationLock speedFull tech treeHidden civsTurbo modeCheats
Victory
Defeat
🇧🇷 Khitans · Brazil
695
+18
🇺🇸 Britons · United States
729
-18
MatMarra
9:35 Feudal Age
10:05 Double-Bit Axe
10:04 Domestication
18:00 Castle Age
17:56 Forging
18:20 Stone Mining
18:21 Gold Mining
18:45 Scale Barding Armor
19:17 Iron Casting
26:10 Pastoralism
26:31 Bow Saw
30:15 Imperial Age
28:56 Stone Shaft Mining
28:57 Scale Mail Armor
30:42 Chain Mail Armor
32:02 Conscription
32:49 Scale Barding Armor
34:46 Lamellar Armor
36:36 Two-Man Saw
36:14 Plate Mail Armor
35:13 Elite Skirmisher
39:41 Fletching
40:37 Thumb Ring
40:43 Thumb Ring
47:32 Chain Barding Armor
49:08 Elite Steppe Lancer
Jason
7:41 Loom
9:28 Feudal Age
9:57 Double-Bit Axe
17:42 Castle Age
17:44 Fletching
17:37 Horse Collar
17:49 Gold Mining
18:40 Bow Saw
18:31 Bodkin Arrow
19:04 Pikeman
20:22 Squires
24:11 Forging
25:30 Iron Casting
24:42 Treadmill Crane
27:25 Wheelbarrow
28:52 Crossbowman
30:37 Ballistics
35:09 Masonry
40:30 Imperial Age
41:13 Arbalester
Connection lost

Rejoining the realm…

Still unreachable

The connection could not be restored.

Session expired

The server has moved on; the page needs a fresh start.